 Dungeon Crawl Stone Soup version 0.29.1-15-g9cfb28693d (webtiles) character file.

Game seed: 10100111576518235251

1571 Brozuf the Changer (level 8, -2/80 HPs)
             Began as an Ogre Transmuter on Mar 14, 2023.
             Slain by a black bear (7 damage)
             ... on level 7 of the Dungeon.
             The game lasted 00:20:59 (5255 turns).

Brozuf the Changer (Ogre Transmuter)                Turns: 5255, Time: 00:21:00

Health: -2/80      AC:  1    Str: 15    XL:     8   Next: 90%
Magic:  8/11       EV:  9    Int: 16    God:
Gold:   1336       SH:  0    Dex:  9    Spells: 3/11 levels left

rFire   . . .      SeeInvis .     - Unarmed
rCold   . . .      Faith    .   (no shield)
rNeg    + . .      Spirit   .   a - +0 robe
rPois   .          Reflect  .   (helmet currently unavailable)
rElec   .          Harm     .   p - +1 cloak
rCorr   .          Rampage  .   (gloves unavailable)
Will    .....                   (boots unavailable)
Stlth   +.........              e - amulet of regeneration
HPRegen 1.03/turn               s - ring of positive energy
MPRegen 0.12/turn               i - +4 ring of protection

@: appendages, corroded
A: horns 2, talons 2, large, unfitting armour, tough skin 1
a: End Transformation


You were on level 7 of the Dungeon.
You had temporarily grown beastly horns and talons.
You visited 1 branch of the dungeon, and saw 7 of its levels.

You collected 1425 gold pieces.
You spent 89 gold pieces at shops.

Inventory:

Missiles
 h - 6 poisoned darts
Armour
 a - a +0 robe (worn)
 p - a +1 cloak (worn)
   (You found it on level 2 of the Dungeon)
Jewellery
 e - an amulet of regeneration (around neck)
   (You found it on level 1 of the Dungeon)
 i - a +4 ring of protection (right hand)
   (You found it on level 5 of the Dungeon)
 o - a ring of ice
   (You found it on level 2 of the Dungeon)
 r - an amulet of reflection
   (You found it on level 2 of the Dungeon)
 s - a ring of positive energy (left hand)
   (You found it on level 2 of the Dungeon)
 F - a +4 ring of protection
   (You found it on level 6 of the Dungeon)
Wands
 t - a wand of flame (21)
   (You found it on level 6 of the Dungeon)
Scrolls
 d - a scroll of blinking {unknown}
 g - 3 scrolls of teleportation {@r4}
 k - a scroll of immolation {!r}
 l - a scroll of amnesia
 u - 4 scrolls of noise {unknown}
 w - 3 scrolls of fear
 y - a scroll of vulnerability {unknown}
 D - a scroll of enchant armour
 E - a scroll of identify {@r1}
Potions
 b - a potion of lignification {!q}
 c - a potion of might {unknown}
 f - 2 potions of brilliance {unknown}
 j - a potion of invisibility {unknown}
 m - 3 potions of heal wounds {@q2}
 n - 3 potions of curing {@q1}
 q - a potion of cancellation {unknown}
 v - a potion of haste {@q3}
 x - a potion of berserk rage
 z - a potion of magic {unknown}
 A - a potion of degeneration {unknown}
 B - a potion of attraction {unknown}
 C - a potion of mutation {unknown}


   Skills:
 - Level 5.1 Fighting
 - Level 1.7 Dodging
 + Level 4.8 Unarmed Combat
 - Level 2.4 Spellcasting
 * Level 7.4 Transmutations
 + Level 0.2 Ice Magic
 - Level 4.0 Poison Magic


You had 3 spell levels left.
You knew the following spells:

 Your Spells              Type           Power      Damage    Failure   Level
a - Beastly Appendage     Tmut           50%        N/A       1%          1
c - Ice Form              Ice/Tmut       14%        N/A       38%         4
x - Spider Form           Tmut/Pois      20%        N/A       6%          3

Your spell library contained the following spells:

 Spells                   Type           Power      Damage    Failure   Level
 Wereblood                Tmut           25%        N/A       1%          2
 Dazzling Flash           Conj/Hex       2%         N/A       52%         3
 Iskenderun's Mystic Bla  Conj/Tloc      1%         2d3       89%         4
 Starburst                Conj/Fire      0%         6d3       100%        6


Dungeon Overview and Level Annotations

Branches:
Dungeon (7/15)
 Temple: D:4-7

Altars:
Ashenzari
Cheibriados
Okawaru

Shops:
D:2 *

Annotations:
D:6 Maggie


Innate Abilities, Weirdness & Mutations

You have temporarily grown beastly horns and talons.
You are too large for most types of armour.
You have tough skin. (AC +1)


Message History

You bite the jelly! The acid corrodes you!
Your front legs burn!
You hit the jelly.
The jelly is poisoned.
Your front legs burn!
Your transformation is almost over.
The jelly hits you. The acid corrodes you!
You are splashed with acid!
You bite the jelly!
You kill the jelly!
You barely miss the black bear. The black bear bites you.
The black bear misses you. The black bear closely misses you.
You hit the black bear.
The black bear is poisoned.
The black bear closely misses you. The black bear claws you.
The black bear misses you.
You bite the black bear! The black bear bites you.
The black bear completely misses you. The black bear claws you.
You barely miss the black bear. The black bear bites you.
The black bear completely misses you. x2
You hit the black bear.
The black bear looks as sick as possible!
The black bear goes berserk!
Your transformation has ended.
Your +1 cloak unmelds from your body.
Your +0 robe unmelds from your body.
The black bear bites you. The black bear barely misses you. x2
The black bear attacks as you move away!
The black bear barely misses you. The black bear claws you. x2
There is a stone staircase leading up here.
Casting: Spider Form (dangerous; 6% risk of failure)
You grow a pair of large bovine horns.
Your feet morph into talons.
The black bear bites you!
* * * LOW HITPOINT WARNING * * *
The black bear claws you!
* * * LOW HITPOINT WARNING * * *
The black bear closely misses you. The black bear bites you.
* * * LOW HITPOINT WARNING * * *
The black bear claws you.
* * * LOW HITPOINT WARNING * * *
The black bear claws you but does no damage.
Unknown command.
Unknown command.
You completely miss the black bear. The black bear bites you!
* * * LOW HITPOINT WARNING * * *
The black bear claws you but does no damage.
The black bear claws you.
* * * LOW HITPOINT WARNING * * *
Unknown command.
Unknown command.
You hit the black bear but do no damage.
You claw the black bear, but do no damage.
The black bear misses you. The black bear claws you.
* * * LOW HITPOINT WARNING * * *
The black bear claws you!
You die...

.. .# ##+ ### .
.. ..###. # #.
#.##.#
#.#.##.##.#
#...@#.##.##
#..>.h.....#
#....#.###....#
......##>#
####..# ###...
..# ....
###.#### #.. #!
. #.


You could see a black bear (berserk, very poisoned).

Vanquished Creatures
  Eustachio (D:6)
  An ice beast (D:6)
  2 centaurs (D:6)
  2 phantoms
  Blork the orc (D:6)
  2 scorpions
  A gnoll sergeant (D:6)
  A necrophage (D:4)
  4 hounds
  2 jellies
  3 orc priests
  2 iguanas
  4 orc wizards
  11 gnolls
  7 adders
  2 shadow imps (D:5)
  2 worms
  A dart slug (D:5)
  18 orcs
  4 ball pythons
  6 bats
  6 endoplasms
  4 giant cockroaches
  7 goblins
  4 hobgoblins
  4 jackals
  8 kobolds
  4 quokkas
  2 frilled lizards
  4 rats
120 creatures vanquished.

Vanquished Creatures (others)
  4 plants (D:2)
4 creatures vanquished.

Grand Total: 124 creatures vanquished

Notes
Turn   | Place    | Note
-------+----------+-------------------------------------------
     0 | D:1      | Brozuf the Ogre Transmuter began the quest for the Orb.
     0 | D:1      | Reached XP level 1. HP: 19/19 MP: 3/3
     0 | D:1      | Noticed a shadow dragon
     1 | D:1      | Noticed a golden dragon
     3 | D:1      | Noticed a shadow dragon
     3 | D:1      | Noticed a black draconian
     5 | D:1      | Noticed a green draconian
     6 | D:1      | Noticed an iron dragon
    10 | D:1      | Noticed a large abomination
    12 | D:1      | Noticed an ice dragon
    12 | D:1      | Noticed an iron dragon
    14 | D:1      | Noticed an orb of fire
    14 | D:1      | Noticed an ice dragon
    16 | D:1      | Noticed a golden dragon
    16 | D:1      | Noticed an iron dragon
    16 | D:1      | Noticed a tentacled monstrosity
    18 | D:1      | Noticed a tentacled monstrosity
    71 | D:1      | Reached skill level 2 in Transmutations
   175 | D:1      | Reached XP level 2. HP: 27/27 MP: 3/5
   853 | D:2      | Reached XP level 3. HP: 31/33 MP: 4/6
   945 | D:2      | Reached skill level 3 in Transmutations
   952 | D:2      | Learned a level 3 spell: Spider Form
  1209 | D:2      | Found Kirruo Cexi's Assorted Antiques.
  1230 | D:2      | Reached XP level 4. HP: 33/41 MP: 5/7
  1243 | D:2      | Bought a scroll labelled QAREFU QUISSAMPAJ for 23 gold
                  | pieces
  1243 | D:2      | Bought a scroll labelled SOVILARAACY for 23 gold pieces
  1243 | D:2      | Bought a bubbling golden potion for 20 gold pieces
  1243 | D:2      | Bought a scroll labelled QAREFU QUISSAMPAJ for 23 gold
                  | pieces
  1661 | D:3      | Reached skill level 1 in Poison Magic
  1801 | D:3      | Reached XP level 5. HP: 29/48 MP: 5/8
  1929 | D:3      | Reached skill level 4 in Transmutations
  2005 | D:3      | Found a broken altar of Ashenzari.
  2234 | D:4      | Reached XP level 6. HP: 45/55 MP: 7/9
  3053 | D:5      | Entered Level 5 of the Dungeon
  3100 | D:5      | Identified a scroll of acquirement
  3100 | D:5      | Acquired 1040 gold pieces
  3195 | D:5      | Reached skill level 5 in Transmutations
  3271 | D:5      | Reached XP level 7. HP: 58/62 MP: 6/10
  3616 | D:5      | Learned a level 4 spell: Ice Form
  3777 | D:5      | Found a snail-covered altar of Cheibriados.
  3852 | D:5      | Found an iron altar of Okawaru.
  3984 | D:6      | Reached skill level 6 in Transmutations
  4164 | D:6      | Reached XP level 8. HP: 69/75 MP: 11/11
  4170 | D:6      | Noticed Eustachio
  4187 | D:6      | Killed Eustachio
  4344 | D:6      | Noticed Blork the orc
  4366 | D:6      | Killed Blork the orc
  4481 | D:6      | Reached skill level 7 in Transmutations
  4523 | D:6      | Noticed Maggie
  4768 | D:6      | Reached skill level 5 in Fighting
  5255 | D:7      | Slain by a black bear

Illustrated notes

Levels and vault maps discovered:
D:1:      shiori_arrival_whats_in_store_for_you, layout_basic
D:2:      cheibrodos_old_hovel, layout_rooms, serial_shops,
          nicolae_shop_hallway_plus
D:3:      layout_rooms, ashenzari_altar_1
D:4:      layout_basic
D:5:      layout_basic, lemuel_coloured_pillars_altar,
          mainiacjoe_overflow_alcove_4
D:6:      layout_rooms, uniq_blork_the_orc, uniq_maggie, uniq_eustachio
D:7:      cheibrodos_grave_circle, layout_loops_corners, kennysheep_mini,
          minmay_temple_entry_wispy, ebering_ghost_disaster_area, serial_shops,
          nicolae_shop_hallway_stairs, kennysheep_generic_room_16,
          uniq_prince_ribbit1, uniq_pikel

Skill      XL: |  1  2  3  4  5  6  7  8 |
---------------+-------------------------+-----
Transmutations | 2 3 4 5 6 7 |  7.4
Unarmed Combat | 3 4 |  4.8
Poison Magic   | 1 2 3 4 |  4.0
Fighting       | 3 5 |  5.1
Dodging        | |  1.7
Spellcasting   | |  2.4
Ice Magic      | |  0.2

Action                   |  1- 3 |  4- 6 |  7- 9 || total
-------------------------+-------+-------+-------++-------
Melee: Unarmed           |    89 |   208 |   154 ||   451
       Headbutt          |    11 |    27 |    12 ||    50
       Kick              |    22 |    43 |    11 ||    76
       Punch             |     1 |     3 |       ||     4
 Cast: Beastly Appendage |    23 |    33 |     8 ||    64
       Spider Form       |       |     4 |    13 ||    17
       Ice Form          |       |       |     1 ||     1
  Use: Scroll            |       |    15 |     1 ||    16
 Stab: Sleeping          |       |     1 |       ||     1
Armor: Robe              |    38 |    46 |    22 ||   106
       Skin              |       |     2 |    13 ||    15
Dodge: Dodged            |    39 |   107 |    95 ||   241
